 Dungeon Crawl Stone Soup version 0.18.1-48-g4cf74bf (webtiles) character file.

883 Joat the Ducker (level 7, 24/36 HPs)
             Began as a Spriggan Warper on Aug 20, 2016.
             Was an Initiate of Dithmenos.
             Quit the game on level 5 of the Dungeon.
             The game lasted 00:35:31 (6361 turns).

Joat the Ducker (Spriggan Warper)                   Turns: 6361, Time: 00:35:33

Health: 24/36      AC:  3    Str:  7    XL:     7   Next: 76%
Magic:  14/14      EV: 22    Int: 14    God:    Dithmenos [......]
Gold:   233        SH:  5    Dex: 18    Spells: 4 memorised, 7 levels left

rFire  . . .     SeeInvis +     a - +0 short sword
rCold  . . .     Gourm    .     b - +1 robe
rNeg   . . .     Faith    .     (shield restricted)
rPois  .         Spirit   .     (helmet restricted)
rElec  .         Dismiss  .     (no cloak)
rCorr  .         Reflect  +     (gloves unavailable)
SustAt .         Harm     .     (boots unavailable)
MR     +....                    k - +5 amulet of reflection
Stlth  +++++.....               (no ring)
                                y - ring of stealth

@: repel missiles, drained, very quick, somewhat resistant to hostile
enchantments, quite stealthy
A: unfitting armour, see invisible, herbivore 3, speed 3, slow metabolism 2
a: Renounce Religion


You were on level 5 of the Dungeon.
You worshipped Dithmenos.
Dithmenos was noncommittal.
You were very hungry.

You visited 1 branch of the dungeon, and saw 6 of its levels.

You collected 233 gold pieces.

Inventory:

Hand Weapons
 a - a +0 short sword (weapon)
Missiles
 e - 3 tomahawks of dispersal (quivered)
 i - 9 tomahawks
 x - a throwing net
Armour
 b - a +1 robe (worn)
Jewellery
 k - a +5 amulet of reflection (around neck)
 y - a ring of stealth (left hand)
 z - an uncursed amulet of magic regeneration {unknown}
Scrolls
 d - a scroll of blinking
 j - 4 scrolls of identify
 m - a scroll of recharging {unknown}
 n - a scroll of teleportation
 o - a scroll of magic mapping
 v - 2 scrolls of remove curse
Potions
 g - 3 potions of resistance {unknown}
 l - a potion of agility {unknown}
 p - 6 potions of curing
 q - a potion of haste
 r - 2 potions of might
 t - a potion of cancellation
 w - 2 potions of ambrosia
 A - a potion of flight
 B - 2 potions of heal wounds
Books
 c - a book of Spatial Translocations

   Spells                             Type                      Level
   a - Apportation                    Translocation                1
   b - Blink                          Translocation                2
   c - Shroud of Golubria             Charms/Translocation         2
   d - Portal Projectile              Translocation                3
   e - Teleport Other                 Translocation                3
   f - Passage of Golubria            Translocation                4
 s - a book of Minor Magic

   Spells                             Type                      Level
   a - Magic Dart                     Conjuration                  1
   b - Blink                          Translocation                2
   c - Call Imp                       Summoning                    2
   d - Repel Missiles                 Charms/Air                   2
   e - Slow                           Hexes                        2
   f - Conjure Flame                  Conjuration/Fire             3
   g - Mephitic Cloud                 Conjuration/Poison/Air       3
Comestibles
 f - 4 bread rations
 u - 7 fruits


   Skills:
 + Level 3.5(3.1) Fighting
 + Level 5.1(4.7) Short Blades
 - Level 1.0(0.6) Throwing
 + Level 6.9(6.5) Dodging
 + Level 6.6(6.2) Stealth
 + Level 4.2(3.9) Spellcasting
 - Level 4.4(4.0) Translocations


You had 7 spell levels left.
You knew the following spells:

 Your Spells              Type           Power        Failure   Level  Hunger
a - Apportation           Tloc           ##........   3%          1    None
b - Blink                 Tloc           N/A          6%          2    ##.....
d - Repel Missiles        Chrm/Air       #.....       34%         2    ##.....
q - Shroud of Golubria    Chrm/Tloc      #.........   14%         2    ##.....


Dungeon Overview and Level Annotations

Branches:
Dungeon (6/15)
 Temple: D:4-7

Altars:
Dithmenos
Ru
Vehumet
Yredelemnul
The Shining One

Annotations:
D:4 Blork the orc


Innate Abilities, Weirdness & Mutations

You are tiny and cannot use many weapons and most armour.
You have supernaturally acute eyesight.
You are a herbivore.
You cover ground extremely quickly.
You need consume almost no food.


Message History

You destroy the wight!
Dithmenos accepts your kill.
A wight comes into view.
It is wielding an enchanted great sword.
The wight hits you with an enchanted halberd!
You feel drained.
Things that are here:
a war axe; a robe Throwing (i - inventory. (,) - cycle):
e - 4 tomahawks of dispersal (quivered)
Press: ? - help, Shift-Dir - straight line, f - wight
Aim: a wight, wielding an enchanted halberd and wearing a robe You throw a tomahawk of dispersal.
The tomahawk of dispersal hits the wight but does no damage.
There is a stone staircase leading up here.
You climb upwards.
There is a stone staircase leading down here.
Saving game... please wait.
Welcome back, Joat the Spriggan Warper.
Dithmenos says: Spread the eternal night.
Press ? for a list of commands and other information.
Are you sure you want to abandon this character and quit the game? (Confirm with "yes".)

##########
#........#
#.######.#
#########.######.###
................@..#
#########.#.####.###
#.# ##.#.# #.# #.#
#....####.# #.#
#..#.##.#.# #.#
#..#.##.###
##'#####..#.##.#
.......<..#....#
....####..####.#


There were no monsters in sight!

Vanquished Creatures
  Sigmund (D:2)
  An ice beast (D:5)
  An ogre (D:6)
  A wight (D:6)
  3 howler monkeys (D:4)
  3 hounds
  A giant frog skeleton (D:4)
  An orc wizard (D:3)
  2 iguanas
  2 worker ants (D:4)
  A hound skeleton (D:3)
  4 adders
  An ooze (D:3)
  An adder skeleton (D:6)
  2 worms (D:3)
  2 dart slugs
  3 giant geckos
  9 orcs
  A ball python (D:1)
  3 giant cockroaches
  7 goblins
  4 hobgoblins
  6 jackals (D:4)
  A quokka (D:4)
  11 bats
  A giant gecko skeleton (D:4)
  5 giant newts
  A jackal skeleton (D:6)
  3 kobolds
  10 rats
92 creatures vanquished.

Vanquished Creatures (others)
  A dart slug (D:2)
  A kobold (D:2)
2 creatures vanquished.

Grand Total: 94 creatures vanquished

Notes
Turn   | Place    | Note
--------------------------------------------------------------
     0 | D:1      | Joat the Spriggan Warper began the quest for the Orb.
     0 | D:1      | Reached XP level 1. HP: 10/10 MP: 5/5
    82 | D:1      | Reached skill level 1 in Stealth
   555 | D:1      | Reached XP level 2. HP: 8/14 MP: 6/6
   569 | D:1      | Learned a level 2 spell: Blink
  1588 | D:2      | Found a sacrificial altar of Ru.
  1613 | D:2      | Found a radiant altar of Vehumet.
  1629 | D:2      | Reached XP level 3. HP: 16/18 MP: 8/8
  1638 | D:2      | Learned a level 2 spell: Shroud of Golubria
  2170 | D:2      | Noticed Sigmund
  2191 | D:2      | Killed Sigmund
  2191 | D:2      | Reached XP level 4. HP: 23/23 MP: 9/9
  2191 | D:2      | Reached XP level 5. HP: 27/27 MP: 10/10
  2246 | D:2      | Learned a level 2 spell: Repel Missiles
  2468 | D:2      | Found a basalt altar of Yredelemnul.
  2470 | D:2      | Noticed a profane servitor
  2483 | D:2      | Found a glowing golden altar of the Shining One.
  2485 | D:2      | Noticed an angel
  2533 | D:2      | Reached skill level 5 in Dodging
  3444 | D:3      | Reached XP level 6. HP: 32/32 MP: 11/11
  3734 | D:3      | Found a faded altar to an unknown god.
  3898 | D:4      | Reached skill level 5 in Stealth
  4008 | D:4      | Found a shadowy altar of Dithmenos.
  4011 | D:4      | Became a worshipper of Dithmenos the Shadowed
  4639 | D:4      | Reached XP level 7. HP: 36/36 MP: 11/13
  4972 | D:4      | Noticed Blork the orc
  5214 | D:5      | Entered Level 5 of the Dungeon
  6022 | D:6      | Reached skill level 5 in Short Blades
  6361 | D:5      | Quit the game

Skill      XL: |  1  2  3  4  5  6  7 |
---------------+----------------------+-----
Stealth        | 2 3 4 5 6 |  6.6
Fighting       | 2 3 |  3.5
Short Blades   | 3 4 5 |  5.1
Dodging        | 4 5 6 |  6.9
Spellcasting   | 3 4 |  4.2
Throwing       | |  1.0
Translocations | |  4.4

Action                   |  1- 3 |  4- 6 |  7- 9 || total
-------------------------+-------+-------+-------++-------
Melee: Short sword       |    35 |    92 |    85 ||   212
       Dagger            |    76 |   199 |       ||   275
Throw: Tomahawk          |    10 |    35 |    50 ||    95
 Cast: Shroud of Golubri |     1 |       |       ||     1
       Apportation       |       |     1 |     3 ||     4
       Repel Missiles    |       |     1 |       ||     1
  Use: Scroll            |       |    12 |       ||    12
 Stab: Sleeping          |     4 |     7 |     4 ||    15
  Eat: Royal jelly       |       |       |     1 ||     1
Armor: Robe              |     7 |     6 |     4 ||    17
Dodge: Dodged            |    74 |   201 |    74 ||   349
       Deflected         |       |     1 |     1 ||     2
Block: Other             |    11 |    51 |    21 ||    83
       Reflection        |     1 |       |       ||     1
